 Dungeon Crawl Stone Soup version 0.18-b1-2-gd0c887e (webtiles) character file.

157256 Laan the Bludgeoner (level 17, -5/113 HPs)
             Began as a Gargoyle Fighter on Apr 28, 2016.
             Was the Champion of the Shining One.
             Killed from afar by an ice dragon (15 damage)
             ... with a blast of cold
             ... on level 2 of the Depths.
             The game lasted 01:38:16 (27295 turns).

Laan the Bludgeoner (Gargoyle Fighter)             Turns: 27295, Time: 01:38:16

Health: -5/113     AC: 39    Str: 27    XL:     17   Next: 69%
Magic:  24/24      EV: 12    Int:  9    God:    the Shining One [******]
Gold:   2507       SH: 15    Dex:  9    Spells: 0 memorised, 16 levels left

rFire  + . .     SeeInvis .     r - +7 whip (elec)
rCold  . . .     Gourm    .     D - +2 chain mail {rF+}
rNeg   + + +     Faith    .     c - +1 shield
rPois  ∞         Spirit   .     K - +2 hat
rElec  +         Dismiss  .     n - +0 cloak
rCorr  .         Reflect  .     y - +0 pair of gloves
SustAt .         Harm     .     (no boots)
MR     +....                    I - amulet of regeneration
Stlth  ..........               R - +6 ring of protection
                                p - +3 ring of evasion

@: exhausted, flying, slowed, glowing, very slow, somewhat resistant to hostile
enchantments, extremely unstealthy
A: big wings, negative energy resistance 1, electricity resistance, unbreathing,
petrification resistance, rot immunity, AC +12
a: Stop Flying, Divine Shield, Cleansing Flame, Summon Divine Warrior, Brand
Weapon With Holy Wrath, Renounce Religion


You were on level 2 of the Depths.
You worshipped the Shining One.
The Shining One was exalted by your worship.
You were very full.

You visited 5 branches of the dungeon, and saw 28 of its levels.
You visited the Abyss 1 time.
You also visited: Ossuary and Volcano.

You collected 2928 gold pieces.
You spent 421 gold pieces at shops.

Inventory:

Hand Weapons
 r - a +7 whip of electrocution (weapon)
 F - a +3 demon trident of electrocution
Armour
 c - a +1 shield (worn)
 n - a +0 cloak (worn)
 y - a +0 pair of gloves (worn)
 D - a +2 chain mail of fire resistance (worn)
 K - a +2 hat (worn)
Jewellery
 p - a +3 ring of evasion (left hand)
 I - an amulet of regeneration (around neck)
 L - an uncursed amulet of faith {unknown}
 R - a +6 ring of protection (right hand)
Wands
 d - a wand of lightning (6/15)
 e - a wand of iceblast (12/15)
 A - a wand of iceblast (10/15)
 B - a wand of iceblast (11/15)
 C - a wand of acid (8/15)
 H - a wand of digging (16/24)
 Q - a wand of iceblast (7/15)
 T - a wand of digging (8/24)
Scrolls
 a - 16 scrolls of identify
 h - 9 scrolls of remove curse
 i - 12 scrolls of teleportation
 k - 7 scrolls of enchant armour
 s - a scroll of fog
 v - 8 scrolls of amnesia
 E - 4 scrolls of magic mapping
 N - 6 scrolls of recharging
 V - a scroll of brand weapon
Potions
 g - 5 potions of haste
 j - 2 potions of cancellation
 m - 4 potions of agility
 q - 3 potions of brilliance
 t - 2 potions of ambrosia
 z - a potion of mutation {unknown}
 P - a potion of cure mutation {unknown}
Books
 J - a book of Enchantments

   Spells                             Type                      Level
   a - Cause Fear                     Hexes                        4
   b - Yara's Violent Unravelling     Hexes/Transmutation          5
   c - Silence                        Hexes/Air                    5
   d - Deflect Missiles               Charms/Air                   6
   e - Haste                          Charms                       6
   f - Discord                        Hexes                        8
Comestibles
 b - 14 meat rations
 f - 20 bread rations
 o - 7 beef jerkies
 u - 3 royal jellies


   Skills:
 + Level 15.1 Fighting
 - Level 17.5 Maces & Flails
 + Level 14.8 Armour
 + Level 15.2 Shields
 + Level 10.5 Invocations


You had 16 spell levels left.
You didn't know any spells.

Dungeon Overview and Level Annotations

Branches:
Dungeon (15/15)            Temple (1/1) D:5            Lair (8/8) D:9
  Swamp (0/4) Lair:3       Spider (0/4) Lair:5        Slime (0/6) Lair:7
    Orc (2/2) D:11            Elf (0/3) Orc:2        Vaults (0/5) D:13
 Depths (2/5) D:15

Altars:
Ashenzari
Dithmenos
Elyvilon
Fedhas
Gozag
Kikubaaqudgha
Makhleb
Okawaru
Pakellas
Qazlal
Sif Muna
Trog
Xom
Yredelemnul
The Shining One
Jiyva
Lugonu

Shops:
D:5 !   D:7 }   Orc:1 *   Orc:2 ?%:(

Portals:
Hell: Depths:1
Pandemonium: Orc:2


Innate Abilities, Weirdness & Mutations

You are resistant to torment.
Your stone body is resilient (AC +12).
You are immune to poison.
Your large and strong wings let you fly indefinitely.
You resist negative energy.
You are resistant to electric shocks.
You can survive without breathing.
You are immune to petrification.
You are immune to rotting.


Message History

Drink which item? (? for menu, Esc to quit)
Okay, then.
You block the hell knight's attack.
The hell knight hits you but does no damage.
Your surroundings suddenly seem different.
An ogre mage comes into view.
The ogre mage shouts!
A two-headed ogre comes into view. It is wielding two giant clubs.
The two-headed ogre shouts in stereo!
An ogre comes into view. It is wielding a giant club.
The ogre shouts!
A two-headed ogre comes into view.
It is wielding a giant club and a great mace.
The two-headed ogre shouts in stereo!
The ogre mage mumbles some strange words.
The ogre mage flickers and vanishes for a moment.
Found 45 gold pieces and 18 bolts.
An ice dragon, 2 ogres and a two-headed ogre come into view.
The ice dragon breathes frost at you. The blast of cold hits you!
You die...

###. ..#. ...
..# ..####
.....
########..#
#.(..#.@.##
#...D.....##.
#....OO.......
#..............
#..$O###..##...
#$... ..# ..
#..OO ^... .
#..O. .....
#.... ....


You could see an ice dragon, an ogre mage (invisible), 2 two-headed ogres and 2
ogres.

Vanquished Creatures
  A tentacled starspawn (Abyss:2)
  Gastronok (Lair:3)
  A tengu reaver (Depths:1)
  A fire giant (Depths:1)
  2 frost giants (Depths:2)
  Maud (Orc:2)
  2 stone giants (Depths:1)
  5 very ugly things (Depths:1)
  Azrael (D:13)
  Snorg (Lair:5)
  A great orb of eyes (Depths:1)
  Josephine (Lair:6)
  3 jiangshi (Depths:1)
  9 hydras
  2 entropy weavers (Depths:1)
  2 ice dragons
  2 catoblepae
  6 centaur warriors
  An ogre mage (Depths:1)
  2 death knights
  2 deep troll shamans (Depths:1)
  A thrashing horror (Abyss:2)
  2 deep troll earth magi (Depths:1)
  2 tengu warriors
  4 orc high priests (Orc:2)
  A vampire mage (Depths:1)
  The ghost of flinch the Archer, a novice HEHu of Okawaru (D:10)
  7 hell knights
  2 iron trolls (Depths:1)
  5 skeletal warriors
  9 deep trolls (Depths:1)
  An unseen horror (D:11)
  4 wizards
  2 torturous demonspawn (Orc:2)
  2 phantasmal warriors
  5 hill giants
  9 orc knights
  3 necromancers
  16 ugly things
  7 orc sorcerers (Orc:2)
  2 deep elf magi
  2 griffons
  3 cyclopes
  3 manticores
  14 elephants
  Maurice (Orc:1)
  8 black mambas
  Psyche (D:12)
  A naga mage (D:15)
  3 rust devils
  2 smoke demons
  2 torpor snails
  7 spiny frogs
  An orange demon (Orc:1)
  A kobold demonologist (D:13)
  The ghost of jesusflecha the Shield-Bearer, a novice GrFi of the Shining One (D:5)
  An efreet (D:14)
  14 komodo dragons
  A tengu conjurer (Depths:1)
  2 freezing wraiths (D:13)
  3 rime drakes
  11 yaktaurs
  A demonic crawler (Abyss:2)
  3 hellwings (Abyss:2)
  11 trolls
  A red devil (Orc:2)
  A harpy zombie (D:15)
  6 jumping spiders (Lair:5)
  10 polar bears
  5 slime creatures (D:15)
  3 two-headed ogres
  3 raiju (Lair:8)
  15 blink frogs
  4 large abominations (Abyss:2)
  A tarantella (shapeshifter) (D:15)
  6 redbacks
  A wyvern (D:13)
  2 spriggans (Lair:6)
  2 water elementals (Depths:1)
  46 yaks
  A centaur simulacrum (D:15)
  7 wraiths
  A ynoxinul (Abyss:2)
  4 fire bats (Volcano)
  4 fire elementals (D:13)
  A chaos spawn (Orc:2)
  11 hippogriffs
  2 vampire mosquitoes (D:13)
  3 basilisks
  A steam dragon (Lair:2)
  Menkaure (D:5)
  4 mottled dragons (Volcano)
  8 wargs
  A soldier ant (D:13)
  9 porcupines
  12 water moccasins
  11 hell hounds
  An eye of draining (D:8)
  41 orc warriors
  2 ice beasts
  4 sky beasts
  17 black bears
  5 phantoms
  4 boggarts (Depths:1)
  14 wolves
  17 ogres
  8 centaurs
  11 crocodiles
  8 big kobolds
  A gnoll sergeant (D:4)
  18 giant frogs
  2 elf zombies (Ossuary)
  A wyvern skeleton (D:11)
  4 scorpions
  4 troll zombies (D:11)
  15 killer bees
  6 electric eels
  6 wights
  2 giant frog zombies
  3 crimson imps
  A quasit (D:13)
  A wasp zombie (D:4)
  5 centaur zombies
  24 orc wizards
  6 giant frog skeletons
  4 jellies
  7 centaur skeletons
  3 gnoll shamans (D:4)
  A human zombie (Ossuary)
  26 orc priests
  16 hounds
  An iron imp (Abyss:2)
  11 iguanas
  Natasha (thrice) (D:3)
  10 worker ants
  A killer bee zombie (D:9)
  44 sheep
  4 ogre zombies (D:11)
  A hound zombie (Ossuary)
  4 mummies
  A hound skeleton (D:9)
  A howler monkey zombie (D:11)
  38 gnolls
  14 adders
  36 river rats
  4 shadow imps
  7 adder zombies
  A worm (D:4)
  2 dart slugs
  6 giant geckos
  90 orcs
  4 bats
  3 giant cockroaches
  7 goblins
  11 hobgoblins
  33 jackals
  6 quokkas
  3 ball pythons
  6 giant newts
  A goblin skeleton (D:11)
  7 goblin zombies
  9 hobgoblin zombies
  3 jackal zombies (Ossuary)
  35 kobolds
  5 kobold zombies
  An orc skeleton (D:11)
  14 orc zombies
  2 quokka zombies (Ossuary)
  8 rats
  6 rat zombies (Ossuary)
  A plant (Lair:8)
  A starspawn tentacle (Abyss:2)
1149 creatures vanquished.

Vanquished Creatures (collateral kills)
  A tentacled starspawn (Abyss:2)
  A large abomination (Abyss:2)
  A death drake (Abyss:2)
  An ice devil (Abyss:2)
  A demonic crawler (Abyss:2)
  A ynoxinul (Abyss:2)
6 creatures vanquished.

Vanquished Creatures (others)
  A water moccasin (Lair:2)
  An orc (Orc:2)
  2 jackals (D:7)
  A fire vortex (Lair:4)
  2 fungi
  10 plants
  4 starspawn tentacles (Abyss:2)
  98 starspawn tentacle segments (Abyss:2)
119 creatures vanquished.

Grand Total: 1274 creatures vanquished

Notes
Turn   | Place    | Note
--------------------------------------------------------------
     0 | D:1      | Laan the Gargoyle Fighter began the quest for the Orb.
     0 | D:1      | Reached XP level 1. HP: 14/14 MP: 1/1
   183 | D:1      | Reached XP level 2. HP: 17/19 MP: 2/2
   798 | D:1      | Reached skill level 3 in Maces & Flails
   939 | D:2      | Reached XP level 3. HP: 20/23 MP: 3/3
   956 | D:2      | Reached skill level 4 in Maces & Flails
   961 | D:2      | Reached XP level 4. HP: 5/28 MP: 4/4
  2147 | D:3      | Reached skill level 5 in Maces & Flails
  2148 | D:3      | Reached XP level 5. HP: 32/32 MP: 5/5
  2275 | D:3      | Reached skill level 6 in Maces & Flails
  2323 | D:3      | Reached XP level 6. HP: 37/37 MP: 6/6
  2379 | D:3      | Noticed Natasha
  2391 | D:3      | Killed Natasha
  2407 | D:3      | Noticed Natasha
  2411 | D:3      | Killed Natasha
  2688 | D:3      | Noticed Natasha
  2695 | D:3      | Killed Natasha
  2770 | D:3      | Gained mutation: Your large and strong wings let you fly indefinitely. [potion of beneficial mutation]
  2801 | D:4      | Reached skill level 7 in Maces & Flails
  2871 | D:4      | Found a shimmering altar of Xom.
  2930 | D:4      | Found a shadowy altar of Dithmenos.
  2935 | D:4      | Reached XP level 7. HP: 41/41 MP: 7/7
  3140 | D:4      | Reached skill level 8 in Maces & Flails
  3161 | D:4      | Found a sand-covered staircase.
  3171 | Ossuary  | Entered an ossuary
  3490 | Ossuary  | Reached skill level 9 in Maces & Flails
  3490 | Ossuary  | Reached XP level 8. HP: 40/46 MP: 8/8
  4008 | D:4      | Reached skill level 10 in Maces & Flails
  4478 | D:5      | Entered Level 5 of the Dungeon
  4506 | D:5      | Found Deenub's Distillery.
  4521 | D:5      | Bought 2 potions of heal wounds for 130 gold pieces
  4583 | D:5      | Noticed Menkaure
  4592 | D:5      | Reached skill level 11 in Maces & Flails
  4592 | D:5      | Reached XP level 9. HP: 42/51 MP: 9/9
  4612 | D:5      | Killed Menkaure
  4794 | D:5      | Found a staircase to the Ecumenical Temple.
  4810 | D:5      | Found an oddly glowing altar of Pakellas.
  4827 | Temple   | Entered the Ecumenical Temple
  4854 | Temple   | Became a worshipper of the Shining One
  5019 | D:5      | Noticed jesusflecha's ghost (novice GrFi)
  5064 | D:5      | Killed jesusflecha's ghost
  6324 | D:7      | Reached * piety under the Shining One
  6544 | D:7      | Reached skill level 12 in Maces & Flails
  6551 | D:7      | Reached skill level 5 in Fighting
  6955 | D:7      | Found Zuc Weogh's Gadget Emporium.
  7439 | D:8      | Reached XP level 10. HP: 59/59 MP: 10/10
  7519 | D:8      | Reached skill level 5 in Armour
  7519 | D:8      | Reached skill level 5 in Shields
  7525 | D:8      | Found an opulent altar of Gozag.
  7974 | D:8      | Found a bloodstained altar of Trog.
  8475 | D:9      | Found a shattered altar of Ashenzari.
  8583 | D:9      | Reached ** piety under the Shining One
  8642 | D:9      | Found a staircase to the Lair.
  8886 | Lair:1   | Entered Level 1 of the Lair of Beasts
  9041 | Lair:1   | Reached skill level 13 in Maces & Flails
  9573 | Lair:2   | Reached XP level 11. HP: 50/66 MP: 11/11
  9634 | Lair:2   | Noticed a five-headed hydra
  9753 | Lair:2   | Killed a five-headed hydra
 10922 | Lair:3   | Reached skill level 14 in Maces & Flails
 11071 | Lair:3   | Noticed Gastronok
 11111 | Lair:3   | Killed Gastronok
 11173 | Lair:3   | Found a staircase to the Swamp.
 11345 | Lair:3   | Reached XP level 12. HP: 63/74 MP: 12/12
 11471 | Lair:3   | Found a dark tunnel.
 11479 | Volcano  | Entered a volcano
 11516 | Volcano  | Reached *** piety under the Shining One
 11521 | Volcano  | Noticed a fire dragon
 12034 | Lair:4   | Reached skill level 15 in Maces & Flails
 12556 | Lair:5   | Noticed Snorg
 12580 | Lair:5   | Killed Snorg
 12792 | Lair:5   | Noticed an eight-headed hydra
 12801 | Lair:5   | Noticed a five-headed hydra
 12809 | Lair:5   | Killed an eight-headed hydra
 12822 | Lair:5   | Killed a five-headed hydra
 12822 | Lair:5   | Reached XP level 13. HP: 61/81 MP: 13/13
 12893 | Lair:5   | Reached skill level 10 in Fighting
 13039 | Lair:5   | Reached skill level 10 in Shields
 13308 | Lair:5   | Found a hole to the Spider Nest.
 13340 | Lair:5   | Reached skill level 10 in Armour
 13605 | Lair:5   | Found a runed door.
 13716 | Lair:5   | Reached skill level 16 in Maces & Flails
 14061 | Lair:6   | Reached **** piety under the Shining One
 14112 | Lair:6   | Noticed Josephine
 14138 | Lair:6   | Killed Josephine
 15073 | Lair:7   | Found a viscous altar of Jiyva.
 15073 | Lair:7   | Found a staircase to the Slime Pits.
 15574 | Lair:8   | Entered Level 8 of the Lair of Beasts
 15625 | Lair:7   | Mutation became permanent: Your large and strong wings let you fly indefinitely. [Gargoyle growth]
 15625 | Lair:7   | Reached XP level 14. HP: 54/88 MP: 14/14
 16224 | Lair:8   | Reached ***** piety under the Shining One
 16730 | Lair:8   | Reached skill level 17 in Maces & Flails
 17431 | D:10     | Entered Level 10 of the Dungeon
 17531 | D:10     | Found a deep blue altar of Sif Muna.
 17537 | D:10     | Noticed flinch's ghost (novice HEHu)
 17551 | D:10     | Killed flinch's ghost
 18090 | D:11     | Found a staircase to the Orcish Mines.
 18127 | D:11     | Reached ****** piety under the Shining One
 19097 | D:12     | Found a corrupted altar of Lugonu.
 19220 | D:12     | Reached skill level 1 in Invocations
 19318 | D:12     | Reached XP level 15. HP: 90/96 MP: 14/16
 19375 | D:12     | Noticed Psyche
 19385 | D:12     | Killed Psyche
 20009 | D:13     | Noticed Azrael
 20030 | D:13     | Killed Azrael
 20203 | D:13     | Found a gate to the Vaults.
 21179 | D:14     | Reached skill level 5 in Invocations
 21241 | D:15     | Entered Level 15 of the Dungeon
 22092 | D:15     | Found a staircase to the Depths.
 22317 | D:15     | Reached XP level 16. HP: 89/104 MP: 20/20
 22451 | Orc:1    | Entered Level 1 of the Orcish Mines
 22510 | Orc:1    | Noticed Maurice
 22516 | Orc:1    | Killed Maurice
 22745 | Orc:1    | Found Leoseaf's General Store.
 22852 | Orc:2    | Entered Level 2 of the Orcish Mines
 23152 | Orc:2    | Found Etag's Food Shoppe.
 23244 | Orc:2    | Found Dixoept's Magic Scroll Emporium.
 23457 | Orc:2    | Noticed Maud
 23478 | Orc:2    | Found a staircase to the Elven Halls.
 23516 | Orc:2    | Killed Maud
 23593 | Orc:2    | Bought a scroll of enchant weapon for 97 gold pieces
 23593 | Orc:2    | Bought a scroll of enchant armour for 97 gold pieces
 23593 | Orc:2    | Bought a scroll of enchant weapon for 97 gold pieces
 23880 | Orc:2    | Paralysed by an orc sorcerer for 5 turns
 24108 | Orc:2    | Paralysed by an orc sorcerer for 6 turns
 24199 | Orc:2    | Found Leuzuwoi's Antique Weapon Boutique.
 24199 | Orc:2    | Found a one-way gate leading to the halls of Pandemonium.
 24199 | Orc:2    | Found Ygeulix's Book Shop.
 24519 | Depths:1 | Entered Level 1 of the Depths
 24771 | Depths:1 | Paralysed by a great orb of eyes for 7 turns
 24916 | Depths:1 | Noticed a tengu reaver
 24934 | Depths:1 | Killed a tengu reaver
 25235 | Depths:1 | Reached XP level 17. HP: 39/112 MP: 15/23
 25469 | Depths:1 | Cast into level 2 of the Abyss (a wizard)
 25676 | Abyss:2  | Noticed a tentacled starspawn
 25707 | Abyss:2  | Killed a tentacled starspawn
 25733 | Abyss:2  | HP: 5/112 [ice devil (15)]
 25746 | Abyss:2  | Noticed a tentacled starspawn
 25755 | Abyss:2  | Killed a tentacled starspawn
 25859 | Depths:1 | Escaped the Abyss
 26777 | Depths:1 | Reached skill level 10 in Invocations
 26783 | Depths:1 | Reached skill level 15 in Shields
 26999 | Depths:1 | Reached skill level 15 in Fighting
 27004 | Depths:1 | Found a gateway to Hell.
 27295 | Depths:2 | Killed from afar by an ice dragon

Skill      XL: |  1  2  3  4  5  6  7  8  9 10 11 12 13 14 15 16 17 |
---------------+----------------------------------------------------+-----
Maces & Flails | 3 4 5 6 7 9 11 12 13 14 15 16 17 | 17.5
Fighting       | 5 6 8 9 10 12 13 14 15 | 15.1
Armour         | 4 6 8 9 10 11 12 14 | 14.8
Shields        | 4 6 8 9 10 12 13 14 15 | 15.2
Invocations    | 1 6 9 10 | 10.5

Action                   |  1- 3 |  4- 6 |  7- 9 | 10-12 | 13-15 | 16-18 || total
-------------------------+-------+-------+-------+-------+-------+-------++-------
Melee: Flail             |   108 |     7 |       |       |       |       ||   115
       Whip              |       |   276 |   739 |   830 |  2389 |  1468 ||  5702
Invok: Cleansing Flame   |       |       |       |       |       |     4 ||     4
       Divine Shield     |       |       |       |       |       |     4 ||     4
       Summon Divine War |       |       |       |       |       |     1 ||     1
 Abil: Fly               |       |     1 |       |     1 |       |       ||     2
       Stop Flying       |       |       |       |     1 |       |       ||     1
  Use: Scroll            |     3 |     7 |     7 |     4 |    13 |     6 ||    40
       Potion            |     1 |     1 |     1 |     3 |     2 |     7 ||    15
 Stab: Distracted        |       |       |       |       |     1 |       ||     1
  Eat: Chunk             |       |     7 |     6 |     9 |    14 |     1 ||    37
       Fruit             |       |       |     9 |       |    16 |     4 ||    29
       Beef jerky        |       |       |       |     7 |     6 |     9 ||    22
       Pizza             |       |       |       |       |     3 |       ||     3
Armor: Chain mail        |    52 |   118 |   201 |   124 |   843 |   474 ||  1812
       Plate armour      |       |       |    56 |   204 |       |       ||   260
Dodge: Dodged            |    20 |    36 |    75 |   168 |   595 |   298 ||  1192
Block: Shield            |    44 |   104 |   223 |   328 |  1261 |   698 ||  2658
